Map: Lightshade LE

Players

Kanthiris

  • Race: Terran Terran
  • Spawn Location: 5:00

Hopestone - Winner!

  • Race: Zerg Zerg
  • League: Platinum
  • Spawn Location: 11:00

VOD

Have the link to the VOD?

Description

Time

  • Played on: Jan. 18, 2021, 3:09 p.m.
  • Length: 13:49
Show
View Real Time Build Order
Export as new Build Order

Kanthiris Terran 

Build Orders:  

Get SALT Encoding   

  12  0:00  SCV  
  13  0:14  SCV  
  14  0:23  Supply Depot  
  14  0:26  SCV  
  15  0:45  SCV  
  16  0:53  Barracks  
  16  0:57  SCV  
  16  1:00  Refinery  
  17  1:09  SCV  
  18  1:21  SCV  
  19  1:33  SCV  
  20  1:41  Marine  
  21  1:54  Command Center  
  21  1:55  Orbital Command  
  21  2:03  Barracks Reactor  
  21  2:20  Bunker  
  21  2:24  SCV  
  22  2:36  SCV  
  23  2:42  Factory  
  23  3:00  Supply Depot  
  23  3:05  Marine  
  23  3:06  SCV  
  23  3:11  SCV  
  26  3:18  SCV  
  26  3:19  Refinery  
  27  3:23  SCV  
  27  3:25  Refinery  
  28  3:29  Marine  
  28  3:30  Marine, SCV  
  31  3:35  SCV  
  31  3:37  Factory Tech Lab  
  32  3:57  SCV x2  
  34  4:09  SCV x2  
  36  4:13  Supply Depot  
  36  4:14  Siege Tank  
  39  4:33  Starport  
  39  4:35  Marine  
  39  4:36  Marine, Supply Depot  
  41  4:42  Barracks  
  41  4:50  Siege Tank  
  44  4:53  Marine  
  44  4:54  Marine  
  44  4:59  Supply Depot  
  46  5:02  SCV  
  46  5:03  SCV  
  48  5:14  SCV  
  48  5:15  SCV  
  48  5:19  Refinery  
  50  5:21  Marine x2  
  50  5:22  Siege Tank  
  50  5:26  Viking  
  50  5:27  SCV  
  58  5:35  Barracks Tech Lab  
  58  5:39  Reaper x2  
  58  5:40  SCV x2  
  62  5:51  Supply Depot  
  62  5:52  SCV x2, Supply Depot  
  62  5:54  Supply Depot, Siege Tank  
  62  5:55  Supply Depot  
  62  5:56  Viking  
  69  6:11  Marine  
  69  6:13  Reaper  
  71  6:30  Command Center  
  71  6:36  Orbital Command  
  71  6:41  Marauder  
  73  6:50  Siege Tank  
  76  6:58  SCV  
  77  7:03  Marauder  
  79  7:10  SCV  
  80  7:22  SCV, Siege Tank  
  84  7:24  Marauder  
  86  7:34  SCV  
  87  7:42  SCV  
  87  7:43  SCV  
  89  7:45  Marauder  
  89  7:46  SCV  
  92  7:54  SCV, Siege Tank  
  92  7:55  SCV  
  97  7:58  SCV  
  97  8:01  Supply Depot  
  97  8:02  Supply Depot  
  98  8:07  Marauder  
  98  8:08  Supply Depot  
  100  8:14  Factory  
  100  8:16  Engineering Bay  
  100  8:20  Viking  
  100  8:27  SCV x2, Siege Tank  
  105  8:28  Marauder  
  105  8:33  Orbital Command  
  109  8:39  SCV x2  
  111  8:46  Refinery  
  111  8:50  Marauder, Viking  
  111  8:51  SCV  
  116  8:57  Refinery  
  116  8:58  SCV x2, Factory  
  116  8:59  Siege Tank  
  121  9:03  SCV  
  122  9:10  SCV  
  122  9:11  Marauder  
  122  9:12  Reaper  
  122  9:13  Reaper  
  127  9:20  Viking  
  129  9:31  Siege Tank  
  132  9:32  Marauder  
  134  9:40  Supply Depot  
  134  9:42  Supply Depot  
  134  9:44  Reaper, Factory  
  134  9:45  Reaper, Supply Depot  
  136  9:50  Viking  
  136  9:51  Supply Depot  
  138  9:53  SCV x3  
  141  10:02  Marauder  
  141  10:03  Siege Tank  
  141  10:04  Barracks  
  141  10:05  SCV  
  147  10:14  SCV  
  148  10:23  Marauder  
  148  10:26  SCV x3  
  153  10:30  Factory  
  153  10:35  Siege Tank  
  156  10:38  SCV x3  
  153  10:44  Marauder  
  153  10:50  SCV  
  153  11:02  SCV  
  154  11:06  Marauder  
  154  11:07  Siege Tank  
  159  11:14  SCV x3  
  162  11:26  SCV x3  
  162  11:27  Marauder  
  167  11:38  SCV x3  
  167  11:39  Siege Tank  
  125  11:49  Marauder  
  125  11:50  SCV x3  
  96  11:57  Viking  
  96  12:02  Marine x2, SCV  
  96  12:03  SCV  
  97  12:08  Hellion  
  97  12:09  Hellion  
  97  12:10  Marauder  
  97  12:11  Siege Tank  
  97  12:15  SCV  
  96  12:20  Reaper, Marine  
  98  12:27  Viking  
  102  12:30  Hellion x2  
  102  12:31  Marauder  
  102  12:35  SCV  
  108  12:37  Marine  
  108  12:43  Siege Tank  
  90  12:47  SCV  
  73  12:51  Hellion  
  73  12:52  Marine, Hellion  
  73  12:53  Marauder  
  73  12:55  Marine  
  73  12:56  Viking  
  60  13:10  Marine  
  55  13:14  Marauder  
Show
View Real Time Build Order
Export as new Build Order

Hopestone Zerg - Winner!

Build Orders: Hatch First 

Get SALT Encoding   

  12  0:00  Drone  
  13  0:13  Overlord  
  13  0:20  Drone  
  14  0:32  Drone  
  14  0:33  Drone  
  14  0:35  Drone  
  17  0:55  Hatchery  
  17  0:56  Drone  
  17  0:58  Drone  
  18  1:11  Extractor  
  17  1:13  Spawning Pool  
  17  1:16  Drone  
  17  1:20  Drone  
  18  1:29  Drone  
  19  1:43  Drone  
  20  1:50  Overlord  
  20  2:02  Queen  
  20  2:07  Zergling x2  
  20  2:08  Queen, Zergling x2  
  24  2:11  Metabolic Boost  
  26  2:19  Drone x2  
  28  2:22  Overlord  
  28  2:29  Overlord  
  28  2:33  Drone  
  29  2:39  Drone  
  30  2:47  Drone  
  31  2:52  Drone  
  31  2:55  Baneling Nest  
  31  3:00  Drone  
  31  3:02  Drone  
  33  3:06  Drone  
  33  3:11  Drone  
  35  3:13  Drone x3  
  35  3:18  Queen  
  40  3:20  Drone x3  
  40  3:21  Drone  
  44  3:28  Drone x2  
  44  3:32  Hatchery  
  45  3:40  Extractor  
  44  3:42  Drone x2, Extractor  
  45  3:57  Drone x2  
  47  4:06  Drone x2  
  49  4:17  Queen  
  51  4:24  Zergling x2  
  51  4:27  Overlord x4  
  51  4:28  Overlord x3  
  52  4:40  Pneumatized Carapace  
  52  4:53  Zergling x18  
  61  5:03  Queen  
  61  5:04  Drone  
  61  5:05  Drone x2  
  66  5:08  Spore Crawler  
  66  5:10  Spore Crawler  
  64  5:15  Baneling x3  
  64  5:16  Baneling x3  
  64  5:26  Evolution Chamber, Lair  
  64  5:27  Evolution Chamber  
  62  5:29  Drone x4  
  62  5:30  Drone x3  
  69  5:47  Overlord x2  
  69  5:48  Overlord x2  
  69  5:55  Drone  
  69  5:56  Drone x4  
  74  5:58  Drone  
  74  6:01  Drone x2  
  77  6:04  Extractor  
  77  6:06  Extractor  
  77  6:09  Extractor, Zerg Melee Weapons Level 1  
  77  6:10  Zerg Missile Weapons Level 1  
  74  6:33  Zergling x6  
  74  6:34  Zergling x24  
  89  6:45  Drone  
  89  6:46  Drone x2  
  92  6:47  Drone  
  92  6:48  Drone x2  
  95  6:59  Hydralisk Den  
  95  7:00  Centrifical Hooks, Hatchery  
  93  7:28  Grooved Spines  
  93  7:29  Hydralisk x17  
  127  7:45  Infestation Pit  
  127  7:51  Hydralisk x7  
  126  7:56  Overlord x2  
  126  7:57  Overlord  
  140  8:01  Overseer  
  140  8:16  Drone x7  
  147  8:21  Queen  
  149  8:27  Pathogen Glands  
  149  8:29  Infestor x2  
  149  8:31  Infestor  
  155  8:41  Zerg Melee Weapons Level 2  
  155  8:45  Zergling x2  
  155  8:46  Zergling x22  
  167  8:55  Extractor  
  166  8:56  Extractor  
  165  9:16  Hydralisk  
  165  9:17  Hydralisk x4  
  165  9:19  Overlord  
  165  9:20  Overlord x7  
  175  9:39  Hydralisk x11  
  197  9:46  Zerg Missile Weapons Level 2, Muscular Augments  
  197  9:56  Zergling x2  
  197  9:57  Zergling x4  
  200  10:06  Baneling x13  
  200  10:07  Baneling  
  200  10:16  Hive  
  192  11:00  Zergling x2  
  192  11:01  Zergling x14  
  200  11:05  Baneling x2  
  200  11:06  Baneling x13  
  200  11:17  Zerg Ground Armor Level 1  
  191  12:18  Baneling x23  
  191  12:19  Baneling x6  
  191  12:25  Zergling x16  
Tags
 
League
Platinum
Matchup
TvZ
Spawn Locations
Cross Positions
Add a new tag
Caveats
  • Supply blocks, unpowered buildings, or Contaminate may cause inaccurate times.
  • Supply counts are checked every 10 seconds.